 Dungeon Crawl Stone Soup version 0.25.0-46-gbd7b0854d2 (webtiles) character file.

Game seed: 12088344993468849194

57365 Kold the Severer (level 15, -1/115 HPs)
             Began as a Formicid Fighter on July 11, 2020.
             Was a High Priest of Makhleb.
             Killed from afar by a hell hog (25 damage)
             ... with a fireball
             ... on level 5 of the Abyss on July 12, 2020.
             The game lasted 00:57:07 (20595 turns).

Kold the Severer (Formicid Fighter)                Turns: 20595, Time: 00:57:08

Health: -1/115     AC: 19    Str: 35      XL:     15   Next: 25%
Magic:  23/23      EV: 17    Int:  3 (5)  God:    Makhleb [*****.]
Gold:   915        SH: 18    Dex:  9 (10) Spells: 14/14 levels left

rFire    . . .     SeeInvis +   X - +1 war axe "Ybepro" {flame, rElec Str+6 Int-5}
rCold    + . .     Gourm    .   U - +5 kite shield {AC+3}
rNeg     . . .     Faith    .   Y - +1 shadow dragon scales
rPois    .         Spirit   .   (helmet unavailable)
rElec    +         Reflect  .   t - +0 cloak
rCorr    .         Harm     .   L - +0 pair of gloves
MR       ++...                  N - +2 pair of boots {Fly}
Stlth    ++........             S - amulet of regeneration
HPRegen  1.09/turn              k - +4 ring of evasion
MPRegen  0.18/turn              M - ring "Fiaduahe" {rC+ MR+ Str+6}

@: mighty, flying, very slightly contaminated, lightly drained
A: permanent stasis, dig shafts and tunnels, four strong arms, antennae 3,
[blurry vision 2], deformed body, [deterioration 2], regeneration 1, strong 1,
[weak 2], wild magic 1, [no potion heal 2]
a: Dig, Shaft Self, Minor Destruction, Lesser Servant of Makhleb, Major
Destruction, Greater Servant of Makhleb, Renounce Religion, Stop Flying


You were on level 5 of the Abyss.
You worshipped Makhleb.
Makhleb was extremely pleased with you.
You were hungry.

You visited 3 branches of the dungeon, and saw 19 of its levels.
You visited the Abyss 1 time.
You also visited: Gauntlet.

You collected 1365 gold pieces.
You spent 450 gold pieces at shops.

Inventory:

Hand Weapons
 z - a +1 battleaxe
 X - the +1 war axe "Ybepro" (weapon) {flame, rElec Str+6 Int-5}
   (You took it off a minotaur in a Gauntlet)

   It has been specially enchanted to burn those struck by it, causing extra
   injury to most foes and up to half again as much damage against particularly
   susceptible opponents.
   Big, fiery blades are also staple armaments of hydra-hunters.
   It affects your strength (+6).
   It affects your intelligence (-5).
   It insulates you from electricity.
Armour
 t - a +0 cloak (worn)
 L - a +0 pair of gloves (worn)
 N - a +2 pair of boots of flying (worn)
 U - a +5 kite shield of protection (worn)
 Y - +1 shadow dragon scales (worn)
Jewellery
 d - the amulet of Ifrahio {Inacc rC+ Str+3 Dex+2}
   (You found it on level 3 of the Lair of Beasts)

   [amulet of inaccuracy]

   It reduces the accuracy of all your attacks.
   It affects your strength (+3).
   It affects your dexterity (+2).
   It protects you from cold.
 h - an uncursed ring of ice
 k - a +4 ring of evasion (left hand)
 l - an uncursed ring of ice
 v - an uncursed ring of resist corrosion
 C - an uncursed ring of fire
 F - a +4 ring of evasion
 I - the ring "Kisujut" {+Inv MR+}
   (You found it in a Gauntlet)

   [ring of protection from magic]

   It affects your resistance to hostile enchantments.
   It lets you turn invisible.
 M - the ring "Fiaduahe" (right hand) {rC+ MR+ Str+6}
   (You found it in a Gauntlet)

   [ring of strength]

   It affects your strength (+6).
   It protects you from cold.
   It affects your resistance to hostile enchantments.
 Q - a +6 ring of intelligence
 S - an amulet of regeneration (around neck)
 T - an uncursed ring of protection from cold
Wands
 c - a wand of flame (4)
 s - a wand of random effects (20)
 u - a wand of polymorph (6)
 G - a wand of enslavement (16)
 J - a wand of clouds (5)
Scrolls
 e - 8 scrolls of identify
 i - 9 scrolls of remove curse
 o - a scroll of vulnerability {unknown}
 p - 4 scrolls of fog
 q - a scroll of silence {unknown}
 w - 2 scrolls of fear
 B - 4 scrolls of magic mapping
 D - 4 scrolls of amnesia
 K - 2 scrolls of enchant weapon
 V - 4 scrolls of summoning
Potions
 g - 6 potions of curing
 m - 2 potions of brilliance
 n - 3 potions of heal wounds
 r - 3 potions of ambrosia
 E - a potion of resistance
 O - 4 potions of might
Miscellaneous
 a - a box of beasts
 b - a phial of floods
 j - a phantom mirror
Comestibles
 f - 35 rations


   Skills:
 + Level 9.8(9.6) Fighting
 + Level 16.6(16.3) Axes
 + Level 9.9(9.6) Armour
 + Level 8.4(8.2) Dodging
 + Level 9.6(9.3) Shields
 * Level 11.0(10.8) Invocations


You had 14 spell levels left.
You didn't know any spells.
Your spell library contained the following spells:

 Spells                   Type           Power        Failure   Level  Hunger
 Animate Skeleton         Necr           N/A          94%         1    ##.....
 Apportation              Tloc           #.....       94%         1    ##.....
 Beastly Appendage        Tmut           #.....       94%         1    ##.....
 Corona                   Hex            #......      94%         1    ##.....
 Foxfire                  Conj/Fire      #...         94%         1    ##.....
 Freeze                   Ice            #...         94%         1    ##.....
 Infusion                 Chrm           #...         94%         1    ##.....
 Magic Dart               Conj           #...         94%         1    ##.....
 Pain                     Necr           #...         94%         1    ##.....
 Shock                    Conj/Air       #...         94%         1    ##.....
 Sting                    Tmut/Pois      #...         94%         1    ##.....
 Summon Butterflies       Summ           #.......     94%         1    ##.....
 Call Imp                 Summ           #.......     98%         2    ###....
 Ensorcelled Hibernation  Hex/Ice        #.....       98%         2    ###....
 Shroud of Golubria       Chrm/Tloc      #.....       98%         2    ###....
 Slow                     Hex            #.......     98%         2    ###....
 Song of Slaying          Chrm           #.......     98%         2    ###....
 Sticks to Snakes         Tmut           #.......     98%         2    ###....
 Confusing Touch          Hex            #.......     100%        3    ####...
 Conjure Flame            Conj/Fire      #.......     100%        3    ####...
 Dazzling Flash           Conj/Hex       #.....       100%        3    ####...
 Gell's Gravitas          Tloc           #.........   100%        3    ####...
 Ignite Poison            Fire/Tmut/Pois #.......     100%        3    ####...
 Lesser Beckoning         Tloc           #.........   100%        3    ####...
 Mephitic Cloud           Conj/Pois/Air  #.......     100%        3    ####...
 Ozocubu's Armour         Chrm/Ice       #.......     100%        3    ####...
 Spectral Weapon          Hex/Chrm       #.......     100%        3    ####...
 Spider Form              Tmut/Pois      #.........   100%        3    ####...
 Static Discharge         Conj/Air       #.......     100%        3    ####...
 Teleport Other           Tloc           #.......     100%        3    ####...
 Tukima's Dance           Hex            #.......     100%        3    ####...
 Vampiric Draining        Necr           #.........   100%        3    ####...
 Airstrike                Air            #.........   100%        4    #####..
 Animate Dead             Necr           N/A          100%        4    #####..
 Ice Form                 Ice/Tmut       #.......     100%        4    #####..
 Passage of Golubria      Tloc           N/A          100%        4    #####..
 Agony                    Necr           #.......     100%        5    ######.
 Alistair's Intoxication  Tmut/Pois      #.......     100%        5    ######.
 Blade Hands              Tmut           #.........   100%        5    ######.
 Lightning Bolt           Conj/Air       #.........   100%        5    ######.
 Invisibility             Hex            #.......     100%        6    #######
 Ignition                 Fire           #.........   100%        8    #######
 Blink                    Tloc           Unusable     N/A         2    N/A
 Swiftness                Chrm/Air       Unusable     N/A         2    N/A

Dungeon Overview and Level Annotations

Branches:
Dungeon (12/15)            Temple (1/1) D:4            Lair (6/6) D:9
  Swamp (0/4) Lair:2       Spider (0/4) Lair:3        Slime (0/5) Lair:6
    Orc (0/2) D:11        Gauntlet (visited)

Altars:
Dithmenos
Fedhas
Gozag
Hepliaklqana
Kikubaaqudgha
Makhleb
Ru
Sif Muna
Trog
Uskayaw
Wu Jian
Xom
Yredelemnul
The Shining One
Jiyva

Shops:
D:4 =   D:5 }   D:8 [   D:10 =%[%(

Annotations:
D:3 1 runed translucent door, Crazy Yiuf
D:11 Sonja
Lair:1 exclusion: 2 oklob plants


Innate Abilities, Weirdness & Mutations

You cannot be hasted, slowed, berserked, paralysed or teleported.
You can dig through walls and to a lower floor.
Your four strong arms can wield two-handed weapons with a shield.
You have a pair of large antennae on your head. (SInv)
Armour fits poorly on your strangely shaped body.
Your natural rate of healing is unusually fast.
Your muscles are strong. (Str +2)
Your spells are a little harder to cast, but a little more powerful.
[Scrolls take you longer to read.]
[Your body often deteriorates upon taking damage.]
[You are very weak. (Str -4)]
[Potions are poor at restoring your health.]


Message History

You slice the hell hog!! You burn the hell hog.
The hell hog is almost dead.
You slice the hell hog!! You burn the hell hog. You slash the hell hog!
Your hellwing closely misses the hell hog.
Your hellwing hits the hell hog. The hell hog closely misses you.
You block the hell hog's attack.
You slash the hell hog!
You kill the hell hog!
Makhleb accepts your kill.
You slash the hell hog! x2
The wretched star glows turbulently.
The lance of force hits you!!
Your body deteriorates!
You feel clumsy.
You are knocked back by the lance of force.
You slam into the stone wall!
* * * LOW HITPOINT WARNING * * *
Your body deteriorates!
You feel dopey. The hell hog breathes fire at you.
The fireball explodes!
The fireball engulfs you!!
You die...

.# #..# ... ..R# .#
... .#.# #.....####
...# ##........#
...# .......
.4###..#
..........##h#.#..#
. . .....#.#*†...@#
.. ≈. ..
.#...3h#####..
§§... .#..≈.#.# . .
....#..≈(#.#. #
.#.#.....#.# #
§#.......# {. .
...#...#..# .
...#..... #..# .. .
......#..#..


You could see a wretched star, a rakshasa (wandering), 2 hell hogs and a
sixfirhy.

Vanquished Creatures
  A tentacled starspawn (Abyss:4)
  A green draconian (Abyss:4)
  A minotaur (Gauntlet)
  A death ooze (Gauntlet)
  A hydra (Lair:3)
  A catoblepas (Lair:6)
  Erica (D:8)
  A two-headed ogre (D:8)
  A hell hog (Abyss:5)
  16 death yaks
  Nergalle (D:10)
  A wretched star (Abyss:2)
  3 unseen horrors
  Pikel (D:9)
  An apocalypse crab (Abyss:5)
  14 elephants
  Maurice (D:8)
  3 black mambas
  8 spiny frogs
  2 gargoyles (D:12)
  2 rime drakes
  A centaur skeleton (D:9)
  A torpor snail (Gauntlet)
  7 komodo dragons
  2 ancient zymes (Abyss:4)
  2 trolls
  3 large abominations
  3 polar bears
  11 blink frogs
  10 hippogriffs
  5 dream sheep (Lair:6)
  A ynoxinul (Abyss:4)
  22 yaks
  2 wyverns
  3 wraiths
  A steam dragon (D:11)
  A vampire mosquito (Lair:1)
  3 swamp worms (Gauntlet)
  5 insubstantial wisps
  8 water moccasins
  6 orc warriors
  13 porcupines
  An ice beast (D:7)
  5 sky beasts
  2 black bears
  A necrophage (D:10)
  7 ogres
  17 wolves
  A centaur (D:6)
  13 crocodiles
  3 big kobolds
  9 bullfrogs
  A water moccasin skeleton (D:6)
  2 scorpions
  4 killer bees
  3 howler monkeys
  3 wights
  4 electric eels
  6 crimson imps
  2 bullfrog zombies
  4 small abominations
  3 hounds (D:9)
  5 jellies
  14 orc wizards
  A quasit (D:11)
  5 orc priests
  A bullfrog skeleton (D:8)
  A gnoll shaman (D:6)
  2 iguanas
  Ijyb (D:3)
  Terence (D:2)
  7 worker ants
  Robin (D:2)
  5 gnolls
  13 adders
  4 shadow imps
  3 oozes
  An adder zombie (D:9)
  2 adder skeletons
  A worm (D:4)
  4 dart slugs
  7 leopard geckos
  28 orcs
  4 giant cockroaches
  13 goblins
  17 hobgoblins
  10 jackals
  15 kobolds
  3 quokkas
  A ball python (D:3)
  9 bats
  8 frilled lizards
  2 jackal skeletons
  A leopard gecko skeleton (D:9)
  A quokka skeleton (D:7)
  7 rats
  6 fungi
  3 plants
  A starspawn tentacle (Abyss:4)
471 creatures vanquished.

Vanquished Creatures (collateral kills)
  2 hydras
  Fannar (D:11)
  A deep troll shaman (Lair:6)
  A death yak (Gauntlet)
  2 smoke demons (Abyss:4)
  A slime creature (Gauntlet)
  2 dream sheep (Lair:6)
10 creatures vanquished.

Vanquished Creatures (others)
  A vampire mosquito (Lair:1)
  A swamp drake (Lair:1)
  An ice beast (D:9)
  2 slaves (D:9)
  A big kobold (D:9)
  A bullfrog (D:9)
  A scorpion (D:9)
  A howler monkey (D:11)
  A crimson imp (D:9)
  A hound (D:9)
  An iguana (D:9)
  An orc (D:11)
  A kobold (D:9)
  A fungus (Lair:6)
  A lurking horror (Abyss:4)
  10 plants
  6 starspawn tentacles (Abyss:4)
32 creatures vanquished.

Grand Total: 513 creatures vanquished

Notes
Turn   | Place    | Note
-------+----------+-------------------------------------------
     0 | D:1      | Kold the Formicid Fighter began the quest for the Orb.
     0 | D:1      | Reached XP level 1. HP: 18/18 MP: 1/1
    90 | D:1      | Reached XP level 2. HP: 22/24 MP: 2/2
   397 | D:1      | Reached XP level 3. HP: 25/29 MP: 3/3
   659 | D:1      | Reached skill level 3 in Axes
  1156 | D:2      | Reached XP level 4. HP: 34/35 MP: 4/4
  1499 | D:2      | Noticed Terence
  1505 | D:2      | Killed Terence
  1505 | D:2      | Reached skill level 1 in Dodging
  1505 | D:2      | Reached skill level 5 in Shields
  1505 | D:2      | Reached XP level 5. HP: 39/41 MP: 5/5
  1550 | D:2      | Noticed Robin
  1607 | D:2      | Killed Robin
  2109 | D:3      | Noticed Ijyb
  2132 | D:3      | Killed Ijyb
  2480 | D:3      | Reached XP level 6. HP: 45/47 MP: 6/6
  3133 | D:3      | Reached skill level 4 in Axes
  3573 | D:3      | Found a runed translucent door.
  3574 | D:3      | Noticed Crazy Yiuf
  3620 | D:4      | Found a staircase to the Ecumenical Temple.
  3634 | Temple   | Entered the Ecumenical Temple
  3655 | Temple   | Became a worshipper of Makhleb the Destroyer
  3680 | D:4      | Noticed a sky beast
  3692 | D:4      | Killed a sky beast
  4158 | D:4      | Found a hide-covered altar of Uskayaw.
  4160 | D:4      | Found a shadowy altar of Dithmenos.
  4194 | D:4      | Found Gilaraupn's Jewellery Boutique.
  4207 | D:4      | Reached XP level 7. HP: 38/52 MP: 7/7
  4310 | D:4      | Found a bloodstained altar of Trog.
  4362 | D:4      | Found a sacrificial altar of Ru.
  4494 | D:5      | Entered Level 5 of the Dungeon
  4676 | D:5      | Reached skill level 5 in Axes
  4966 | D:5      | Found Cinkuad's Gadget Emporium.
  5144 | D:5      | Found an ornate altar of the Wu Jian Council.
  5538 | D:6      | Reached XP level 8. HP: 53/58 MP: 8/8
  5662 | D:6      | Found a shimmering altar of Xom.
  5731 | D:6      | Reached * piety under Makhleb
  5781 | D:6      | Reached skill level 6 in Axes
  6337 | D:5      | Gained mutation: Your muscles are strong. (Str +2) [potion
                  | of mutation]
  6337 | D:5      | Gained mutation: Armour fits poorly on your strangely
                  | shaped body. [potion of mutation]
  6337 | D:5      | Gained mutation: You occasionally shout uncontrollably at
                  | your foes. [potion of mutation]
  6337 | D:5      | Gained mutation: You are partially covered in thin metallic
                  | scales. (AC +2) [potion of mutation]
  6615 | D:6      | Reached skill level 7 in Axes
  6761 | D:6      | Found a blossoming altar of Fedhas.
  6835 | D:7      | Reached XP level 9. HP: 64/64 MP: 9/9
  6837 | D:7      | Identified Sif Muna's Catalogue of Venom
  6985 | D:7      | Reached skill level 8 in Axes
  7162 | D:7      | Found a shimmering blue altar of Sif Muna.
  7298 | D:7      | Found an opulent altar of Gozag.
  7583 | D:8      | Found Kohaq's Antique Armour Shoppe.
  7645 | D:7      | Reached skill level 9 in Axes
  7768 | D:8      | Found a blossoming altar of Fedhas.
  7867 | D:8      | Reached ** piety under Makhleb
  7937 | D:8      | Noticed Maurice
  7937 | D:8      | Noticed a two-headed ogre
  7991 | D:9      | Reached skill level 10 in Axes
  7996 | D:9      | Noticed an unseen horror
  7997 | D:9      | Noticed Pikel
  8015 | D:9      | Killed Pikel
  8015 | D:9      | Reached XP level 10. HP: 70/70 MP: 10/10
  8022 | D:9      | Noticed an unseen horror
  8048 | D:9      | Killed an unseen horror
  8048 | D:9      | Reached skill level 11 in Axes
  8056 | D:9      | Killed an unseen horror
  8056 | D:9      | Reached skill level 12 in Axes
  8296 | D:9      | Noticed a komodo dragon
  8308 | D:9      | Killed a komodo dragon
  9000 | D:8      | Noticed Erica
  9009 | D:8      | Killed Erica
  9009 | D:8      | Reached skill level 13 in Axes
  9109 | D:8      | Killed a two-headed ogre
  9109 | D:8      | Reached XP level 11. HP: 75/75 MP: 11/11
  9334 | D:8      | Killed Maurice
  9701 | D:9      | Reached skill level 1 in Invocations
  9745 | D:9      | Found an ancient bone altar of Kikubaaqudgha.
  9917 | D:9      | Found a staircase to the Lair.
 10014 | D:10     | Entered Level 10 of the Dungeon
 10014 | D:10     | Found Xyliew's Food Shop.
 10023 | D:10     | Reached skill level 14 in Axes
 10050 | D:10     | Found Arove's Weapon Shop.
 10380 | D:10     | Noticed an unseen horror
 10402 | D:10     | Killed an unseen horror
 10415 | D:10     | Found Punn's Antique Armour Boutique.
 10426 | D:10     | Bought a pair of glowing boots for 225 gold pieces
 10426 | D:10     | Bought a glowing kite shield for 225 gold pieces
 10517 | D:10     | Found Ceesioh's Food Shop.
 10517 | D:10     | Noticed Nergalle
 10549 | D:10     | You are sucked into a shaft and drop 2 floors!
 10690 | D:12     | Noticed a five-headed hydra
 10838 | D:11     | Reached *** piety under Makhleb
 11540 | D:11     | Found a staircase to the Orcish Mines.
 11810 | D:10     | Found Jueneimu's Jewellery Emporium.
 11843 | D:10     | Killed Nergalle
 12196 | D:11     | Noticed Sonja
 12241 | D:10     | Reached skill level 5 in Fighting
 12242 | D:10     | Reached XP level 12. HP: 79/86 MP: 13/15
 12285 | Lair:1   | Entered Level 1 of the Lair of Beasts
 12363 | Lair:1   | Reached skill level 5 in Armour
 12518 | Lair:1   | Reached **** piety under Makhleb
 12625 | Lair:1   | Noticed a six-headed hydra
 12640 | Lair:1   | Killed a six-headed hydra
 12904 | Lair:1   | Reached skill level 5 in Invocations
 13447 | Lair:2   | Found a staircase to the Swamp.
 13525 | Lair:2   | Reached skill level 5 in Dodging
 13561 | Lair:2   | Found a gate leading to a gauntlet.
 13657 | Gauntlet | Entered a Gauntlet
 13657 | Gauntlet | Found a transporter.
 13657 | Gauntlet | Found a transporter.
 13663 | Gauntlet | Found a transporter.
 13663 | Gauntlet | Found a runed translucent gate.
 13668 | Gauntlet | Found a runed translucent gate.
 13668 | Gauntlet | Found a runed translucent gate.
 13676 | Gauntlet | Found a transporter.
 13693 | Gauntlet | Noticed a death yak
 13693 | Gauntlet | Noticed a death yak
 13694 | Gauntlet | Found a transporter.
 13694 | Gauntlet | Found a transporter.
 13695 | Gauntlet | Noticed a death yak
 13696 | Gauntlet | Noticed a death yak
 13697 | Gauntlet | Found a transporter.
 13697 | Gauntlet | Found a transporter.
 13697 | Gauntlet | Found a transporter.
 13699 | Gauntlet | Noticed a death ooze
 13699 | Gauntlet | Noticed a death scarab
 13709 | Gauntlet | Found a transporter.
 13727 | Gauntlet | Found a transporter.
 13737 | Gauntlet | Found a transporter.
 13752 | Gauntlet | Found a transporter.
 13755 | Gauntlet | Noticed a death ooze
 13765 | Gauntlet | Noticed a death scarab
 13772 | Gauntlet | Found a transporter.
 13784 | Gauntlet | Noticed a large abomination
 13964 | Gauntlet | Killed a death yak
 13964 | Gauntlet | Reached skill level 15 in Axes
 13965 | Gauntlet | Killed a death yak
 13967 | Gauntlet | Killed a death yak
 13968 | Gauntlet | Killed a death yak
 13975 | Gauntlet | Got a twisted hunting sling
 13977 | Gauntlet | Got a scorched amber ring
 14039 | Gauntlet | Killed a death ooze
 14101 | Gauntlet | Got a coiled ivory ring
 14127 | Gauntlet | Identified the cursed +1 war axe "Ybepro" {flame, rElec
                  | Str+6 Int-5}
 14127 | Gauntlet | Identified the +8 hand crossbow of Integrity {flame, *Drain
                  | +Fly rPois rN+}
 14127 | Gauntlet | Noticed a minotaur
 14151 | Gauntlet | Killed a minotaur
 14151 | Gauntlet | Reached XP level 13. HP: 59/95 MP: 17/17
 14176 | Gauntlet | Identified the ring "Kisujut" {+Inv MR+} (You found it in a
                  | Gauntlet)
 14178 | Gauntlet | Identified the ring "Fiaduahe" {rC+ MR+ Str+6} (You found
                  | it in a Gauntlet)
 14189 | Gauntlet | Lost mutation: You occasionally shout uncontrollably at
                  | your foes. [potion of mutation]
 14189 | Gauntlet | Lost mutation: You are partially covered in thin metallic
                  | scales. (AC +2) [potion of mutation]
 14189 | Gauntlet | Gained mutation: Your spells are a little harder to cast,
                  | but a little more powerful. [potion of mutation]
 14189 | Gauntlet | Gained mutation: Your natural rate of healing is unusually
                  | fast. [potion of mutation]
 14189 | Gauntlet | Lost mutation: Your natural rate of healing is unusually
                  | fast. [potion of mutation]
 14189 | Gauntlet | Gained mutation: Your natural rate of healing is unusually
                  | fast. [potion of mutation]
 14191 | Gauntlet | Got a smelly ring mail
 14210 | Gauntlet | Identified the cursed +0 ring mail of the Archfiend {rElec
                  | rN+} (You found it in a Gauntlet)
 14346 | Lair:2   | Found a shimmering blue altar of Sif Muna.
 15188 | Lair:3   | Noticed an eight-headed hydra
 15197 | Lair:3   | Killed a two-headed hydra
 15202 | Lair:3   | Found a hole to the Spider Nest.
 15357 | Lair:3   | Got a bound sapphire amulet
 15358 | Lair:3   | Upgraded the game from 0.25.0-45-g978344163c to
                  | 0.25.0-46-gbd7b0854d2
 15511 | Lair:3   | Identified the amulet of Ifrahio {Inacc rC+ Str+3 Dex+2}
                  | (You found it on level 3 of the Lair of Beasts)
 15911 | Lair:4   | Identified the Reference Book on Igneous Ice
 16887 | Lair:5   | Reached skill level 16 in Axes
 17264 | Lair:5   | Reached ***** piety under Makhleb
 17322 | Lair:5   | Reached XP level 14. HP: 105/105 MP: 20/20
 17976 | Lair:6   | Entered Level 6 of the Lair of Beasts
 19341 | Lair:6   | Reached skill level 10 in Invocations
 19499 | Lair:6   | Found a staircase to the Slime Pits.
 19499 | Lair:6   | Found a viscous altar of Jiyva.
 20075 | D:11     | Noticed Fannar
 20101 | D:11     | Killed Fannar
 20101 | D:11     | Reached XP level 15. HP: 114/114 MP: 22/22
 20158 | D:11     | Cast into level 2 of the Abyss (Sonja)
 20194 | Abyss:2  | Noticed a balrug
 20270 | Abyss:2  | Noticed a tentacled monstrosity
 20319 | Abyss:4  | Noticed a tentacled starspawn
 20342 | Abyss:4  | Killed a tentacled starspawn
 20551 | Abyss:5  | Entered Level 5 of the Abyss
 20595 | Abyss:5  | Killed from afar by a hell hog

Illustrated notes

Levels and vault maps discovered:
D:1:      minmay_arrival_four_circles, layout_basic
D:2:      layout_basic, minmay_distorted, uniq_terence, uniq_robin
D:3:      layout_basic, first_ration, hangedman_decor_peaks_small,
          patterned_corridor, uniq_crazy_yiuf_cottage, uniq_ijyb
D:4:      layout_basic, lightli_temple_of_fire,
          chequers_temple_overflow_statue_of_worship,
          nicolae_overflow_crystal_walls, minmay_temple_entry_sparse_star,
          serial_shops, nicolae_shop_temple_entry_statues_fountains,
          minmay_fractal_squares_diagonal_5
D:5:      layout_loops_cross, nicolae_overflow_hidden_temple, serial_shops, shop
D:6:      layout_rooms, marbit_many_paths, basic_altar
D:7:      kennysheep_spiral_hall, layout_basic, led_sif_book,
          overflow_temple_1_default
D:8:      layout_gridville, serial_shops, shop, fedhas_altar_3, uniq_erica,
          uniq_maurice
D:9:      cheibrodos_ideogram_h, layout_irregular_city, kiku_gazebo_pond_becter,
          david_lair_shrubbed, uniq_pikel
D:10:     layout_basic, serial_shops, kennysheep_mini, nicolae_shop_waterfront,
          nicolae_shop_trees, shop, shop_fountains, uniq_nergalle
D:11:     layout_rooms, erik_orc_2, uniq_fannar, uniq_sonja
D:12:     layout_cave_pods, uniq_josephine, uniq_gastronok
Temple:   oiseaux_autumnal_temple
Lair:1:   layout_gridlike, pond, serial_bayou_shore_b,
          minmay_lair_oklob_chamber, grunt_megastairs_3
Lair:2:   layout_misc_corridors, swamp_mist_pool, gauntlet_entry_generic,
          basic_altar
Lair:3:   layout_long_grid, dummy_spider_entry, beast_lair_carwin_2
Lair:4:   layout_big_grid, lemuel_fruit_fields, grunt_megastairs_4
Lair:5:   layout_gridlike, serial_forest, infiniplex_forest_lined_2,
          infiniplex_forest_lined_2, infiniplex_forest_straight_1,
          infiniplex_forest_end_3, infiniplex_forest_pool,
          infiniplex_forest_end_1, infiniplex_forest_corner_2,
          serial_bayou_shore_a, serial_bayou_shore_b, infiniplex_staircase_pool
Lair:6:   grunt_lair_end_beastmaster, layout_big_grid, slime_altar_1,
          grunt_megastairs_5, lemuel_fruit_tree, serial_bayou_shore_b
Abyss:5:  base: D:13, guppyfry_abyss_exit_spiral_guarded, minivault_24,
          hangedman_abyss_rune_macabre_mess

Skill      XL: |  1  2  3  4  5  6  7  8  9 10 11 12 13 14 15 |
---------------+----------------------------------------------+-----
Shields        | 4 5 6 7 9 |  9.6
Axes           | 3 4 5 7 10 13 14 15 16 | 16.6
Dodging        | 1 2 3 4 5 7 8 |  8.4
Invocations    | 4 6 8 10 11 | 11.0
Fighting       | 5 6 8 9 |  9.8
Armour         | 4 6 8 9 |  9.9

Action                   |  1- 3 |  4- 6 |  7- 9 | 10-12 | 13-15 || total
-------------------------+-------+-------+-------+-------+-------++-------
Melee: War axe           |    78 |   254 |   336 |   796 |   834 ||  2298
       Battleaxe         |       |       |       |    32 |       ||    32
Invok: Lesser Servant of |       |       |       |     9 |     5 ||    14
       Minor Destruction |       |       |       |    11 |     2 ||    13
 Abil: Dig               |       |    15 |     7 |     8 |     9 ||    39
       Shaft Self        |       |       |       |     1 |       ||     1
Evoke: Wand              |       |       |     8 |    22 |    10 ||    40
       Phial of floods   |       |       |       |       |     1 ||     1
  Use: Scroll            |       |       |     8 |    12 |    11 ||    31
       Potion            |       |       |     4 |     1 |     4 ||     9
 Stab: Paralysed         |       |       |       |     2 |       ||     2
       Confused          |       |       |       |     3 |       ||     3
       Sleeping          |       |       |       |       |     2 ||     2
       Distracted        |       |       |       |       |     1 ||     1
  Eat: Chunk             |       |    10 |     8 |    21 |    19 ||    58
       Ration            |       |     1 |     2 |       |     1 ||     4
Armor: Scale mail        |    25 |    51 |    45 |    81 |       ||   202
       Shadow dragon sca |       |       |       |       |   159 ||   159
Dodge: Dodged            |    36 |   110 |   194 |   394 |   250 ||   984
Block: Kite shield       |    52 |   125 |   208 |   486 |   494 ||  1365
